AoeStats
← savvas1987

Arena

509751995Analyzed
4v4 RM · 4d ago on Sep 27, 2026· 53m 50s· 8 players
Game mode
Random Map
Map size
Large (8 player)
Population
200
Speed
Normal
Resources
Standard
Victory
Conquest
Starting age
Dark Age
Ending age
Imperial Age
RankedLock teamsTeams togetherTeam positionsShared explorationLock speedFull tech treeHidden civsTurbo modeCheats
Victory
Defeat
🇲🇽 Britons · Mexico
979
+5
🇨🇴 Bohemians · Colombia
583
+18
🇬🇧 Italians · United Kingdom
506
+21
🇲🇽 Persians · Mexico
487
+21
🇬🇷 Bohemians · Greece
665
-17
🇬🇧 Portuguese · United Kingdom
652
-17
🇨🇦 Byzantines · Canada
627
-16
🇺🇸 Burgundians · United States
604
-15
I DeathSinger I
10:38 Feudal Age
11:16 Double-Bit Axe
16:03 Stone Mining
16:10 Gold Mining
18:22 Horse Collar
22:37 Castle Age
21:01 Padded Archer Armor
21:12 Fletching
21:38 Scale Mail Armor
22:18 Forging
24:23 Bow Saw
24:18 Heavy Plow
24:23 Pikeman
24:51 Arson
26:38 Stone Shaft Mining
28:20 Leather Archer Armor
28:22 Chain Mail Armor
28:03 Bodkin Arrow
31:16 Elite Skirmisher
32:06 Thumb Ring
32:43 Iron Casting
32:24 Treadmill Crane
33:08 Ballistics
41:59 Caravan
45:00 Imperial Age
43:09 Wheelbarrow
44:07 Hand Cart
46:11 Crop Rotation
46:48 Two-Man Saw
45:54 Bracer
47:09 Blast Furnace
47:04 Guilds
46:34 Elite Organ Gun
47:20 Arquebus
47:44 Conscription
46:52 Halberdier
47:49 Siege Engineers
48:47 Chemistry
49:49 Ring Archer Armor
49:50 Plate Mail Armor
aMpReULTIMATE
0:33 Loom
11:22 Feudal Age
9:54 Double-Bit Axe
12:23 Bow Saw
11:56 Horse Collar
13:00 Heavy Plow
14:59 Gold Mining
15:25 Stone Mining
17:22 Stone Shaft Mining
17:01 Town Watch
18:55 Wheelbarrow
22:22 Castle Age
21:47 Heavy Plow
21:43 Fletching
23:02 Forging
23:29 Husbandry
25:09 Two-Man Saw
25:27 Crop Rotation
26:16 Cavalier
28:56 Scale Barding Armor
29:55 Fortified Wall
30:06 Ballistics
31:13 Crop Rotation
31:05 Chain Barding Armor
34:02 Iron Casting
33:14 Treadmill Crane
41:58 Imperial Age
42:28 Hand Cart
43:07 Scale Mail Armor
44:07 Blast Furnace
42:32 Pikeman
43:16 Squires
43:49 Halberdier
45:29 Conscription
45:10 Murder Holes
45:43 Chain Mail Armor
savvas1987
13:35 Feudal Age
20:13 Castle Age
41:26 Imperial Age
46:44 Chemistry
chatonbrutal
8:10 Loom
14:43 Feudal Age
21:05 Castle Age
20:10 Double-Bit Axe
21:42 Padded Archer Armor
27:26 Fervor
32:38 Thumb Ring
31:53 Crossbowman
36:09 Redemption
43:32 Imperial Age
41:38 Wheelbarrow
40:45 Horse Collar
40:57 Gold Mining
40:58 Stone Mining
41:22 Bow Saw
42:33 Husbandry
41:54 Light Cavalry
43:02 Greek Fire
43:27 Ballistics
42:48 Treadmill Crane
43:18 Fortified Wall
43:04 Murder Holes
43:26 Leather Archer Armor
43:02 Fletching
43:19 Heavy Plow
43:02 Elite Skirmisher
44:50 Ring Archer Armor
44:16 Bodkin Arrow
45:23 Chemistry
44:11 Arrowslits
44:36 Fortified Wall
44:22 Murder Holes
45:41 Hand Cart
46:04 Crop Rotation
45:44 Pikeman
46:25 Squires
47:12 Gold Shaft Mining
47:12 Stone Shaft Mining
47:19 Stone Shaft Mining
49:01 Two-Man Saw
47:53 Heavy Camel Rider
Sir Rubo
0:35 Loom
16:21 Feudal Age
20:17 Castle Age
18:24 Double-Bit Axe
19:44 Gold Mining
19:44 Stone Mining
22:11 Gold Shaft Mining
22:11 Stone Shaft Mining
24:39 Caravan
26:38 Bow Saw
27:20 Horse Collar
33:18 Imperial Age
32:33 Wheelbarrow
33:56 Elite War Elephant
34:57 Conscription
37:02 Forging
36:57 Scale Barding Armor
37:44 Heavy Plow
38:58 Hand Cart
39:48 Iron Casting
39:33 Chain Barding Armor
41:12 Husbandry
41:23 Bloodlines
40:34 Cavalier
42:22 Blast Furnace
42:07 Savar
45:52 Plate Barding Armor
fabreprit
10:38 Feudal Age
14:17 Castle Age
12:53 Stone Mining
14:02 Loom
14:25 Double-Bit Axe
18:36 Fletching
29:50 Gold Mining
30:29 Bodkin Arrow
37:27 Imperial Age
35:51 Gold Shaft Mining
36:52 Ballistics
39:57 Chemistry
45:11 Elite Longbowman
53:51 Forging
53:46 Scale Barding Armor
Caligula
0:48 Loom
11:38 Feudal Age
12:04 Double-Bit Axe
12:03 Horse Collar
13:01 Wheelbarrow
12:13 Town Watch
21:19 Castle Age
22:21 Hand Cart
22:22 Bow Saw
22:45 Heavy Plow
25:04 Town Patrol
33:33 Imperial Age
32:52 Chemistry
32:03 Caravan
32:24 Pikeman
33:04 Squires
35:13 Two-Man Saw
34:17 Murder Holes
36:18 Fortified Wall
36:19 Masonry
38:57 Architecture
42:54 Houfnice
48:44 Husbandry
48:05 Light Cavalry
49:35 Cavalier
52:40 Halberdier
52:41 Man-at-Arms
53:06 Arson
52:51 Elite Hussite Wagon
53:02 Sappers
53:52 Conscription
53:39 Wagenburg Tactics
Nostradamus8226
3:24 Loom
16:37 Feudal Age
17:28 Double-Bit Axe
17:35 Horse Collar
20:09 Wheelbarrow
25:55 Castle Age
24:07 Man-at-Arms
24:32 Arson
28:38 Heavy Plow
30:43 Squires
32:50 Scale Mail Armor
35:40 Hand Cart
37:54 Pikeman
39:15 Bow Saw
41:02 Treadmill Crane
41:13 Heated Shot
41:45 Ballistics
41:40 Fortified Wall
45:43 Silk Road
46:14 Masonry
47:20 Stone Mining
51:37 Imperial Age
49:13 Long Swordsman
Connection lost

Rejoining the realm…

Still unreachable

The connection could not be restored.

Session expired

The server has moved on; the page needs a fresh start.